Map: Retraite de l’acolyte EC

Players

BerthaG - Winner!

  • Race: Protoss Protoss
  • League: Diamond
  • Spawn Location: 7:00

zidar

  • Race: Zerg Zerg
  • League: Gold
  • Spawn Location: 1:00

VOD

Have the link to the VOD?

Description

Time

  • Played on: Sept. 1, 2017, 2:20 p.m.
  • Length: 12:23
Show
View Real Time Build Order
Export as new Build Order

BerthaG Protoss - Winner!

Build Orders: 1 Gate Expand, Oracle Opening 

Get SALT Encoding   

  12  0:01  Probe (Chrono Boost)  
  13  0:11  Probe (Chrono Boost)  
  14  0:17  Pylon  
  14  0:22  Probe (Chrono Boost)  
  16  0:35  Probe (Chrono Boost)  
  16  0:38  Gateway  
  16  0:46  Probe (Chrono Boost)  
  16  0:49  Assimilator  
  17  0:56  Probe (Chrono Boost)  
  18  1:07  Probe (Chrono Boost)  
  19  1:27  Cybernetics Core  
  19  1:36  Nexus  
  19  1:39  Probe (Chrono Boost)  
  20  1:44  Assimilator  
  20  1:49  Probe (Chrono Boost)  
  21  2:00  Probe (Chrono Boost)  
  22  2:09  Pylon  
  22  2:12  Probe (Chrono Boost)  
  23  2:26  Probe  
  23  2:27  Adept (Chrono Boost)  
  25  2:31  Warp Gate  
  25  2:40  Stargate  
  25  2:45  Probe  
  25  2:48  Probe  
  27  2:52  Pylon  
  27  2:54  Adept (Chrono Boost)  
  27  2:57  Probe  
  27  2:58  Probe  
  30  3:03  Twilight Council  
  31  3:09  Probe x2 (Chrono Boost)  
  33  3:21  Probe (Chrono Boost)  
  33  3:22  Oracle (Chrono Boost), Probe (Chrono Boost)  
  38  3:32  Probe x2  
  42  3:34  Adept  
  42  3:40  Pylon  
  42  3:44  Probe x2  
  42  3:45  Resonating Glaives (Chrono Boost)  
  44  3:56  Probe x2  
  44  3:57  Pylon  
  46  4:08  Probe x2  
  48  4:20  Probe x2  
  50  4:32  Probe x2  
  52  4:43  Nexus  
  52  4:44  Probe  
  52  4:45  Probe, Pylon  
  54  4:47  Pylon  
  54  4:57  Probe x2  
  53  5:09  Probe x2  
  53  5:10  Phoenix  
  53  5:13  Gateway  
  53  5:14  Gateway  
  53  5:16  Gateway  
  53  5:20  Pylon  
  53  5:21  Probe x2, Pylon  
  55  5:25  Adept  
  57  5:31  Assimilator  
  57  5:33  Probe x2  
  57  5:35  Assimilator  
  59  5:37  Phoenix  
  59  5:38  Robotics Facility  
  59  5:39  Robotics Facility  
  61  5:45  Probe x2  
  63  5:55  Pylon  
  63  5:56  Probe  
  63  5:57  Probe x2, Pylon  
  63  6:01  Phoenix  
  66  6:06  Probe  
  66  6:09  Probe x2  
  71  6:17  Gateway, Probe  
  71  6:18  Gateway  
  71  6:21  Probe x2  
  74  6:26  Phoenix  
  74  6:27  Probe  
  74  6:28  Observer (Chrono Boost), Immortal (Chrono Boost)  
  82  6:33  Probe  
  82  6:34  Probe  
  82  6:38  Assimilator  
  82  6:39  Probe  
  84  6:42  Assimilator  
  84  6:44  Forge  
  84  6:45  Probe, Forge  
  86  6:47  Pylon  
  86  6:51  Phoenix  
  88  6:59  Probe  
  88  7:00  Probe x2  
  91  7:03  Protoss Air Weapons Level 1  
  91  7:04  Immortal (Chrono Boost)  
  91  7:05  Immortal (Chrono Boost)  
  99  7:29  Protoss Ground Armor Level 1 (Chrono Boost), Pylon  
  99  7:30  Protoss Ground Weapons Level 1 (Chrono Boost)  
  99  7:31  Pylon  
  99  7:32  Nexus  
  99  7:36  Assimilator  
  99  7:39  Pylon  
  99  7:49  Phoenix  
  101  7:51  Adept  
  101  7:52  Adept x5  
  101  7:57  Immortal  
  113  8:00  Immortal, Assimilator  
  113  8:03  Pylon  
  121  8:14  Phoenix  
  121  8:16  Pylon x2  
  123  8:22  Sentry x3  
  123  8:23  Sentry x3  
  135  8:28  Pylon  
  135  8:44  Probe  
  135  8:45  Probe x2, Immortal  
  135  8:46  Probe  
  139  8:50  Immortal  
  139  8:52  Photon Cannon  
  139  8:55  Photon Cannon x2  
  147  8:56  Sentry, Gateway  
  147  8:57  Sentry x2  
  147  8:58  Gateway  
  153  9:14  Protoss Ground Weapons Level 2 (Chrono Boost), Protoss Ground Armor Level 2 (Chrono Boost)  
  153  9:15  Adept x3  
  159  9:19  Charge  
  159  9:22  Adept x3  
  165  9:27  Immortal  
  165  9:31  Immortal  
  173  9:41  Adept x2  
  173  9:42  Adept  
  179  10:01  Warp Prism  
  181  10:09  Sentry x2  
  181  10:10  Sentry x5  
  181  10:11  Observer  
  181  10:12  Adept  
  165  12:23  Zealot x4  
Show
View Real Time Build Order
Export as new Build Order

zidar Zerg 

Build Orders: Pool First 

Get SALT Encoding   

  12  0:01  Drone  
  13  0:12  Overlord  
  13  0:17  Drone  
  14  0:31  Drone x2  
  14  0:34  Drone  
  17  0:48  Spawning Pool  
  17  0:49  Drone  
  17  1:23  Hatchery, Drone  
  17  1:26  Extractor  
  16  1:35  Queen  
  18  1:42  Zergling x2  
  19  2:09  Overlord  
  19  2:11  Queen  
  21  2:26  Drone  
  21  2:28  Metabolic Boost  
  22  2:30  Drone x2  
  24  2:43  Overlord  
  24  2:44  Drone  
  24  2:46  Drone x2  
  24  2:47  Queen  
  29  2:57  Baneling Nest  
  28  3:01  Drone x2  
  28  3:03  Drone  
  31  3:09  Overlord  
  31  3:23  Queen  
  32  3:34  Zergling x4  
  32  3:35  Zergling x2  
  32  3:36  Zergling x6  
  38  3:46  Drone x3  
  41  3:49  Drone  
  41  3:54  Overlord  
  33  4:38  Spine Crawler  
  28  4:44  Spore Crawler  
  28  4:50  Drone x7  
  29  5:37  Drone x7  
  36  5:49  Lair  
  36  5:53  Drone x9  
  36  5:56  Drone  
  46  6:30  Overlord x5  
  46  6:31  Hatchery  
  45  6:40  Extractor  
  45  6:41  Extractor  
  45  6:42  Extractor  
  42  7:03  Hydralisk Den  
  41  7:12  Drone x6  
  47  7:17  Drone x2  
  50  7:22  Zergling x2  
  50  7:23  Zergling x18  
  50  7:26  Centrifical Hooks  
  59  7:50  Baneling x8  
  59  7:56  Drone x8  
  67  8:19  Hydralisk x11  
  73  8:25  Overlord x2  
  89  8:45  Spore Crawler  
  88  8:49  Spore Crawler  
  88  8:52  Overlord  
  88  8:53  Overlord  
  87  8:56  Zergling x18  
  96  9:12  Evolution Chamber x2  
  94  9:19  Baneling x15  
  94  9:23  Spire  
  93  9:30  Muscular Augments  
  93  9:31  Hatchery  
  92  9:32  Hydralisk  
  94  9:40  Extractor  
  94  9:42  Drone x4  
  94  9:43  Extractor, Drone x6  
  94  9:44  Drone x3  
  105  9:56  Overseer  
  103  10:07  Hydralisk x5  
  109  10:57  Drone  
  109  10:58  Drone x5  
  93  11:41  Hydralisk x2  
  93  11:42  Hydralisk x5  
Tags
 
Add a new tag
Caveats
  • Supply blocks, unpowered buildings, or Contaminate may cause inaccurate times.
  • Supply counts are checked every 10 seconds.